 Dungeon Crawl Stone Soup version 0.30.1 (webtiles) character file.

Game seed: 6818784277869905886

11 GeoRichter the Chiller (level 2, -1/20 HPs)
             Began as a Draconian Ice Elementalist on July 5, 2023.
             Was a Follower of Trog.
             Frozen to death by an endoplasm (5 damage)
             ... on level 1 of the Dungeon.
             The game lasted 00:01:37 (565 turns).

GeoRichter the Chiller (Draconian Ice Elementalist)  Turns: 565, Time: 00:01:38

Health: -1/20      AC:  4    Str: 10    XL:     2   Next: 17%
Magic:  5/5        EV: 12    Int: 15    God:    Trog [*.....]
Gold:   0          SH:  0    Dex: 11    Spells: 4/5 levels left

rFire   . . .        d - +0 dagger
rCold   . . .        (no shield)
rNeg    . . .        (body armour unavailable)
rPois   .            (helmet restricted)
rElec   .            (no cloak)
rCorr   .            (no gloves)
SInv    .            (no boots)
Will    .....        (no amulet)
Stlth   ++           (no ring)
HPRegen 0.23/turn    (no ring)
MPRegen 0.09/turn

%: no passive effects
@: no status effects
A: AC +4, unfitting armour, cold-blooded
a: Renounce Religion, Berserk


You were on level 1 of the Dungeon.
You worshipped Trog.
Trog was aware of your devotion.
You visited 1 branch of the dungeon, and saw 1 of its levels.

Inventory:

Hand Weapons
 d - a +0 dagger (weapon)
   (You took it off a kobold on level 1 of the Dungeon)
Jewellery
 e - a ring of ice
   (You found it on level 1 of the Dungeon)
Scrolls
 b - a scroll of fear {unknown}
Potions
 a - a potion of magic
 c - a potion of brilliance {unknown}
 f - a potion of curing {unknown}


   Skills:
 + Level 0.1 Fighting
 * Level 0.0 Maces & Flails
 - Level 1.7 Dodging
 - Level 1.7 Stealth
 - Level 2.0 Spellcasting
 - Level 4.5 Ice Magic


You had 4 spell levels left.
You knew the following spells:

 Your Spells              Type           Power      Damage    Failure   Level
a - Freeze                Ice            60%        1d7       3%          1

Your spell library contained the following spells:

 Spells                   Type           Power      Damage    Failure   Level
 Frozen Ramparts          Ice            30%        1d5       11%         3
 Ozocubu's Armour         Ice            15%        N/A       11%         3
 Summon Ice Beast         Ice/Summ       8%         N/A       65%         4


Dungeon Overview and Level Annotations

Branches:
Dungeon (1/15) Zot: 5428

Altars:
Trog

Shops:
D:1 ?(


Innate Abilities, Weirdness & Mutations

Your plain brown scales are hard. (AC +4)
You cannot fit into any form of body armour.
You are cold-blooded and may be slowed by cold attacks.


Message History

You hit the kobold but do no damage.
The kobold is severely wounded.
The kobold barely misses you.
You hit the kobold.
You kill the kobold!
Trog accepts your kill. The endoplasm freezes you.
You are frozen.
You need to enable at least one skill for training.
You hit the endoplasm but do no damage. The endoplasm barely misses you.
You hit the endoplasm but do no damage. The endoplasm freezes you.
You are frozen.
You feel yourself slow down.
You barely miss the endoplasm. The endoplasm freezes you.
You are frozen.
The endoplasm hits you but does no damage.
You hit the endoplasm.
The endoplasm is lightly wounded.
You feel yourself speed up. The endoplasm closely misses you.
You hit the endoplasm but do no damage.
The endoplasm is lightly wounded.
The endoplasm freezes you.
You are frozen.
* * * LOW HITPOINT WARNING * * *
You hit the endoplasm but do no damage.
The endoplasm is lightly wounded.
The endoplasm hits you but does no damage.
You barely miss the endoplasm.
The endoplasm is lightly wounded.
The endoplasm barely misses you.
You hit the endoplasm.
The endoplasm is moderately wounded.
The endoplasm hits you but does no damage.
You hit the endoplasm.
The endoplasm is heavily wounded.
The endoplasm freezes you.
You are frozen.
* * * LOW HITPOINT WARNING * * *
You barely miss the endoplasm.
The endoplasm is heavily wounded.
The endoplasm hits you.
* * * LOW HITPOINT WARNING * * *
You hit the endoplasm.
The endoplasm is almost dead.
The endoplasm freezes you.
You are frozen.
You die...

#(.##..# #..#...
###..##..# #..#... #
#........####..#... #.
#.#..###...........
..##.#..########.....# #.
...................#
##..##.#...........[##.#
#.∩..............##.##[#
......)@J.###.###.#.##.#
##.........#.## ##..##.#
#..!#.##....# #.....# ###
## ####.## ##.###.# ###
###############..###.##
#.#
....#..#...[.#..#.#.#...##
#..
#..#..#..#.......#.##.##
###
...................##.# .
..#.....#..#..#...##.#


You could see an endoplasm.

Vanquished Creatures
  3 endoplasms (D:1)
  A giant cockroach (D:1)
  A hobgoblin (D:1)
  4 ball pythons (D:1)
  2 kobolds (D:1)
11 creatures vanquished.

Notes
Turn   | Place    | Note
-------+----------+-------------------------------------------
     0 | D:1      | GeoRichter the Draconian Ice Elementalist began the quest
                  | for the Orb.
     0 | D:1      | Reached XP level 1. HP: 14/14 MP: 3/3
    96 | D:1      | Found a faded altar of an unknown god.
   234 | D:1      | Reached XP level 2. HP: 12/20 MP: 0/5
   316 | D:1      | Found Viah Kus's Antique Weapon Shop.
   510 | D:1      | Prayed at the altar of an unknown god.
   510 | D:1      | Became a worshipper of Trog the Wrathful
   510 | D:1      | Reached * piety under Trog
   547 | D:1      | Found Wulah's Magic Scroll Shop.
   565 | D:1      | Frozen to death by an endoplasm

Illustrated notes

Levels and vault maps discovered:
D:1:      dpeg_arrival_ternary, layout_loops_ring,
          hellmonk_ecumenical_altar_run_dry, serial_shops, shop, shop,
          nicolae_shop_rolling_square, chequers_serial_rivers_micro_c

Action                     || total
---------------------------++-------
  Melee: Dagger            ||    25
         Tailslap          ||     2
         Unarmed           ||     1
   Cast: Freeze            ||    16
 Armour: Skin              ||    10
  Dodge: Dodged            ||    14
